 Dungeon Crawl Stone Soup version 0.28.0-47-ge53b351184 (webtiles) character file.

Game seed: 6691972273463108490

743 issech the Cudgeller (level 7, -1/58 (68) HPs)
             Began as a Troll Monk on May 7, 2022.
             Slain by Edmund
             ... wielding a +1 dire flail of draining
              (3 damage)
             ... on level 5 of the Dungeon.
             The game lasted 00:15:07 (4402 turns).

issech the Cudgeller (Troll Monk)                   Turns: 4402, Time: 00:15:08

HP:   -1/58 (68)    AC:  5    Str: 20    XL:     7   Next: 47%
MP:   6/6           EV: 11    Int:  6    God:
Gold: 267           SH:  0    Dex: 14    Spells: 6/6 levels left

rFire   . . .      SeeInvis .   u - +4 trident
rCold   . . .      Faith    .   (no shield)
rNeg    . . .      Spirit   .   m - +0 animal skin
rPois   .          Reflect  .   (helmet restricted)
rElec   .          Harm     .   g - +0 cloak
rCorr   .          Rampage  .   (gloves unavailable)
Will    .....                   (boots unavailable)
Stlth   ++........              (no amulet)
HPRegen 0.99/turn               (no ring)
MPRegen 0.10/turn               (no ring)

@: heavily drained
A: large, unfitting armour, claws 3, regeneration 1, shaggy fur 1, tough skin 1
a: no special abilities


You were on level 5 of the Dungeon.
You visited 1 branch of the dungeon, and saw 5 of its levels.
You also visited: Ossuary.

You collected 267 gold pieces.

Inventory:

Hand Weapons
 a - a +0 mace
 h - a +0 flail
 t - a +0 hunting sling
 u - a +4 trident (weapon)
 y - a +0 morningstar
Missiles
 d - 12 sling bullets
 j - 42 arrows
 o - 97 stones (quivered)
 q - 4 poisoned darts
 v - a throwing net
Armour
 b - a +0 robe
 g - a +0 cloak (worn)
 k - a scarf of shadows
 m - a +0 animal skin (worn)
 x - a +1 pair of boots
Scrolls
 l - 2 scrolls of teleportation
 p - a scroll of amnesia
 s - 3 scrolls of vulnerability
 w - 2 scrolls of acquirement
 C - 2 scrolls of fear
Potions
 c - a potion of might {unknown}
 e - a potion of brilliance {unknown}
 f - 2 potions of curing {unknown}
 i - a potion of mutation {unknown}
 n - a potion of flight {unknown}
 r - a potion of berserk rage
 z - a potion of lignification {unknown}
 A - 3 potions of invisibility {unknown}
 B - 2 potions of heal wounds {unknown}


   Skills:
 + Level 3.8 Fighting
 + Level 5.0 Maces & Flails
 + Level 2.6 Polearms
 + Level 1.3 Throwing
 + Level 4.0 Dodging
 + Level 1.4 Stealth


You had 6 spell levels left.
You didn't know any spells.
Your spell library contained the following spells:

 Spells                   Type           Power      Damage    Failure   Level
 Sublimation of Blood     Necr           0%         N/A       58%         2
 Wereblood                Tmut           0%         N/A       58%         2
 Summon Hydra             Summ           0%         N/A       100%        7


Dungeon Overview and Level Annotations

Branches:
Dungeon (5/15)            Ossuary (visited)
 Temple: D:4-7

Altars:
The Shining One

Annotations:
D:5 Edmund


Innate Abilities, Weirdness & Mutations

You are too large for most types of armour.
You have claws for hands.
Your natural rate of healing is unusually fast.
You are covered in fur. (AC +1)
You have tough skin. (AC +1)


Message History

Done exploring.
There is an open door here.
There is an open door here.
There is an open door, spattered with blood here.
Done exploring.
You see here a +0 hand axe.
There is an open door here.
There is a stone staircase leading down here.
You climb downwards.
There is a stone staircase leading up here.
Edmund the Younger comes into view.
He is wielding a +1 dire flail of draining, wearing a +2 chain mail of willpower and carrying a wand of flame (11).
Edmund shouts!
You throw a stone.
The stone hits Edmund but does no damage.
You throw a stone.
The stone hits Edmund but does no damage.
You throw a stone.
The stone hits Edmund but does no damage.
Edmund zaps a wand.
The puff of flame misses you.
You throw a stone.
The stone hits Edmund but does no damage.
Edmund zaps a wand.
The puff of flame misses you.
You throw a stone. The stone completely misses Edmund.
You throw a stone. The stone barely misses Edmund.
Edmund drinks a potion.
Edmund goes berserk!
You throw a stone. The stone barely misses Edmund.
You hit Edmund but do no damage.
Edmund hits you with a +1 dire flail of draining!
You feel drained.
You hit Edmund.
Edmund is lightly wounded.
Edmund hits you with a +1 dire flail of draining!
You feel drained.
Edmund hits you with a +1 dire flail of draining!!
You feel drained.
* * * LOW HITPOINT WARNING * * *
Edmund hits you with a +1 dire flail of draining!
* * * LOW HITPOINT WARNING * * *
You feel drained.
You die...

###############
((.(....@@....#
#############.#
#......#.#
#.####.#.#
#.#<.#.#.#
#.#....#.#
#.######.#
#........#
##########


You could see Edmund (berserk).

Vanquished Creatures
  Grinder (D:3)
  An elf zombie (Ossuary)
  2 hounds (D:4)
  2 human zombies (Ossuary)
  Natasha (D:2)
  An iguana (D:4)
  A hound skeleton (D:4)
  4 mummies (Ossuary)
  Robin (D:3)
  7 gnolls
  7 adders
  An adder zombie (Ossuary)
  2 worms (D:2)
  13 orcs
  3 ball pythons
  4 endoplasms
  2 giant cockroaches
  15 goblins
  4 hobgoblins
  6 jackals
  5 kobolds
  3 quokkas
  5 bats
  3 frilled lizards
  A gnoll zombie (Ossuary)
  2 goblin zombies (Ossuary)
  A hobgoblin zombie (Ossuary)
  A jackal zombie (Ossuary)
  3 orc zombies (Ossuary)
  A quokka zombie (D:4)
  4 rats
  A rat zombie (D:4)
108 creatures vanquished.

Vanquished Creatures (others)
  A fungus (D:1)
  4 plants (D:1)
5 creatures vanquished.

Grand Total: 113 creatures vanquished

Notes
Turn   | Place    | Note
-------+----------+-------------------------------------------
     0 | D:1      | issech the Troll Monk began the quest for the Orb.
     0 | D:1      | Reached XP level 1. HP: 22/22 MP: 0/0
   171 | D:1      | Reached XP level 2. HP: 29/29 MP: 1/1
   275 | D:1      | Found a faded altar of an unknown god.
   299 | D:1      | Reached skill level 3 in Maces & Flails
   771 | D:2      | Reached XP level 3. HP: 28/36 MP: 2/2
  1165 | D:2      | Reached XP level 4. HP: 40/44 MP: 3/3
  1423 | D:2      | Noticed Natasha
  1436 | D:2      | Killed Natasha
  1814 | D:3      | Noticed Robin
  1892 | D:3      | Killed Robin
  1893 | D:3      | Reached XP level 5. HP: 53/53 MP: 4/4
  2087 | D:3      | Reached skill level 4 in Maces & Flails
  2174 | D:3      | Found a glowing golden altar of the Shining One.
  2174 | D:3      | Noticed Grinder
  2223 | D:3      | Killed Grinder
  2224 | D:3      | Reached XP level 6. HP: 17/61 MP: 5/5
  2976 | D:4      | Reached skill level 5 in Maces & Flails
  2979 | D:4      | Found a sand-covered staircase.
  2987 | Ossuary  | Entered an ossuary
  3101 | Ossuary  | Reached skill level 1 in Throwing
  3110 | Ossuary  | Reached skill level 1 in Polearms
  3110 | Ossuary  | Reached XP level 7. HP: 67/67 MP: 6/6
  3346 | Ossuary  | Identified 2 scrolls of acquirement
  4355 | D:5      | Entered Level 5 of the Dungeon
  4391 | D:5      | Noticed Edmund
  4402 | D:5      | HP: 2/60 [Edmund/+1 dire flail of draining (10)]
  4402 | D:5      | Slain by Edmund

Illustrated notes

Levels and vault maps discovered:
D:1:      dpeg_arrival_boxorama, layout_basic,
          shapermc_ecumenical_altar_mp_ritualfount
D:2:      layout_loops_corners, palyth_stone_intersect, uniq_natasha
D:3:      layout_basic, mainiacjoe_overflow_surrounded_room, uniq_grinder,
          uniq_robin
D:4:      layout_gridville, enter_ossuary_4, grunt_ministairs_8,
          hangedman_abyss_or_decor_stagger
D:5:      layout_basic, nicolae_wu_jian_wuxing_cycle,
          nicolae_overflow_hidden_temple, temple_doors_e, uniq_edmund

Skill      XL: |  1  2  3  4  5  6  7 |
---------------+----------------------+-----
Maces & Flails | 3 4 5 |  5.0
Dodging        | 3 4 |  4.0
Fighting       | 3 |  3.8
Throwing       | 1 |  1.3
Polearms       | 1 2 |  2.6
Stealth        | |  1.4

Action                   |  1- 3 |  4- 6 |  7- 9 || total
-------------------------+-------+-------+-------++-------
Melee: Mace              |   131 |   117 |       ||   248
       Punch             |     1 |     1 |     6 ||     8
       Trident           |       |    38 |   103 ||   141
       Flail             |       |    23 |       ||    23
Throw: Dart              |     4 |     5 |       ||     9
       Stone             |       |    11 |    11 ||    22
  Use: Scroll            |       |     3 |     3 ||     6
 Stab: Sleeping          |     2 |       |       ||     2
Armor: Robe              |    69 |    38 |       ||   107
       Animal skin       |       |    32 |    35 ||    67
Dodge: Dodged            |    93 |   142 |    72 ||   307
